 Dungeon Crawl Stone Soup version 0.29-a0-925-g0a7a3d12f8 (webtiles) character file.

Game seed: 7633414534106967018

32508 manyhoops the Grappler (level 13, -10/113 HPs)
             Began as a Demigod Transmuter on July 28, 2022.
             Mangled by a komodo dragon (19 damage)
             ... on level 5 of the Lair of Beasts.
             The game lasted 00:28:21 (18949 turns).

manyhoops the Grappler (Demigod Transmuter)        Turns: 18949, Time: 00:28:21

Health: -10/113    AC:  6    Str: 31    XL:     13   Next: 3%
Magic:  24/24      EV: 13    Int: 18    God:
Gold:   893        SH:  5    Dex: 16    Spells: 7/22 levels left

rFire   + . .      SeeInvis .     - Unarmed
rCold   . . .      Faith    .   (shield currently unavailable)
rNeg    . . .      Spirit   .   K - +0 steam dragon scales
rPois   +          Reflect  +   D - +0 helmet
rElec   .          Harm     .   (no cloak)
rCorr   .          Rampage  .   (gloves currently unavailable)
Will    +....                   (no boots)
Stlth   +.........              P - amulet of reflection
HPRegen 0.28/turn               v - ring of the Supporting Gods {rF+ Str+4 Int+3 Dex+2}
MPRegen 0.19/turn               w - ring of poison resistance

@: blade hands, wereblooded, invisible
A: high MP 1, forlorn, divine attributes
a: End Transformation


You were on level 5 of the Lair of Beasts.
You had blades for hands.
You visited 2 branches of the dungeon, and saw 14 of its levels.
You also visited: Sewer and Bailey.

You collected 991 gold pieces.
You spent 98 gold pieces at shops.

Inventory:

Hand Weapons
 q - the +9 rapier of the Vestibule of Hell (melded) {speed, rElec rCorr Str-5 Int+5}
   (You found it in a bailey)

   Attacks with this weapon are significantly faster.
   Str:       It affects your strength (-5).
   Int:       It affects your intelligence (+5).
   rElec:     It insulates you from electricity.
   rCorr:     It protects you from acid and corrosion.
Missiles
 o - 2 throwing nets
Armour
 a - a +0 robe
 j - a +0 pair of gloves (melded)
 D - a +0 helmet (worn)
 K - +0 steam dragon scales (worn)
 T - a +0 robe of the Archmagi
Jewellery
 f - an amulet of regeneration
 n - a +6 ring of intelligence
 u - an amulet of the acrobat
 v - the ring of the Supporting Gods (left blade hand) {rF+ Str+4 Int+3 Dex+2}
   (You acquired it on level 8 of the Dungeon)

   [ring of protection from fire]

   Str:       It affects your strength (+4).
   Int:       It affects your intelligence (+3).
   Dex:       It affects your dexterity (+2).
   rF:        It protects you from fire.
 w - a ring of poison resistance (right blade hand)
 J - an amulet of guardian spirit
 M - a +6 ring of strength
 P - an amulet of reflection (around neck)
 Q - a ring of ice
 W - a +6 ring of intelligence
Wands
 c - a wand of mindburst (3)
 r - a wand of flame (27)
 F - a wand of roots (7)
 N - a wand of polymorph (11)
 S - a wand of paralysis (1)
Scrolls
 h - 2 scrolls of poison
 k - 5 scrolls of enchant weapon
 l - 4 scrolls of brand weapon
 p - 2 scrolls of vulnerability
 s - 7 scrolls of teleportation
 t - 2 scrolls of amnesia
 y - 3 scrolls of fog
 z - a scroll of identify
 C - 2 scrolls of magic mapping
 G - a scroll of torment
 R - a scroll of enchant armour {unknown}
 V - a scroll of noise
Potions
 b - 3 potions of lignification
 d - 2 potions of attraction
 e - 2 potions of degeneration
 g - 4 potions of cancellation
 m - 5 potions of might
 x - a potion of resistance
 A - 3 potions of mutation
 B - a potion of invisibility
 E - 2 potions of brilliance
 H - 2 potions of magic
 I - 2 potions of curing
 L - a potion of berserk rage
 O - 6 potions of ambrosia
 U - a potion of haste {unknown}


   Skills:
 - Level 9.9 Fighting
 - Level 3.3 Armour
 - Level 2.7 Dodging
 - Level 13.6 Unarmed Combat
 - Level 5.0 Spellcasting
 + Level 11.6 Transmutations
 - Level 3.0 Ice Magic


You had 7 spell levels left.
You knew the following spells:

 Your Spells              Type           Power      Damage    Failure   Level
a - Beastly Appendage     Tmut           92%        N/A       7%          1
b - Wereblood             Tmut           46%        N/A       9%          2
c - Spider Form           Tmut/Pois      25%        N/A       28%         3
d - Ice Form              Ice/Tmut       31%        N/A       36%         4
e - Blade Hands           Tmut           23%        N/A       26%         5

Your spell library contained the following spells:

 Spells                   Type           Power      Damage    Failure   Level
 Apportation              Tloc           8%         N/A       52%         1
 Blink                    Tloc           8%         N/A       63%         2
 Poisonous Vapours        Pois/Air       8%         N/A       63%         2
 Static Discharge         Conj/Air       4%         3-4/arc   63%         2
 Alistair's Intoxication  Tmut/Pois      16%        N/A       77%         5
 Irradiate                Conj/Tmut      12%        3d15      77%         5
 Lesser Beckoning         Tloc           4%         N/A       78%         3
 Stone Arrow              Conj/Erth      8%         3d7       78%         3
 Dragon Form              Tmut           23%        N/A       95%         7
 Animate Armour           Summ/Erth      8%         N/A       98%         4
 Corpse Rot               Necr/Pois/Air  4%         N/A       98%         4
 Dispel Undead            Necr           4%         3d7       98%         4
 Sticky Flame             Conj/Fire      4%         2d3       98%         4
 Manifold Assault         Tloc           4%         N/A       100%        5
 Lehudib's Crystal Spear  Conj/Erth      2%         10d2      100%        8


Dungeon Overview and Level Annotations

Branches:
Dungeon (9/15)             Temple (0/1) D:7            Lair (5/5) D:9
  Swamp (0/4) Lair:3       Spider (0/4) Lair:2        Slime (0/5) Lair:5
    Orc (0/2) D:9           Sewer (visited)          Bailey (visited)

Shops:
D:2 *   D:4 ?   D:7 *

Portals:
Abyss: D:6

Annotations:
D:6 2 transporters, zurenarrh's ghost, novice OpIE
D:9 2 transporters, Zebulonius's ghost, novice MiFi
Lair:1 exclusion: oklob plant


Innate Abilities, Weirdness & Mutations

You have blades for hands.
Your spellcasting is less reliable in this form.
You are incapable of wielding weapons or throwing items.
You have an increased reservoir of magic. (+10% MP)
You shall have no god before yourself.
Your divine heritage dramatically boosts your attributes as you level up.


Message History

You are more poisoned.
You resist.
* * * LOW HITPOINT WARNING * * *
The fire dragon bites the plant!
The plant begins to die.
The fire dragon claws the plant!
The fire dragon tramples the plant.
The basilisk is engulfed in poison gas.
The basilisk is poisoned.
The basilisk bites you but does no damage.
You hear an angry hiss. x2
You feel much better.
You feel sick.
The basilisk is engulfed in poison gas.
The basilisk looks even sicker.
The basilisk misses you.
You feel better.
Your surroundings suddenly seem different. 2 jellies, a komodo dragon and a water moccasin come into view.
Found a staircase to the Slime Pits and a stone staircase leading up.
Unknown command.
Okay, then.
The jelly quivers.
A cane toad comes into view.
The jelly quivers.
The cane toad gives a loud, deep croak!
The komodo dragon hisses angrily.
A water moccasin comes into view.
The water moccasin hisses angrily.
The komodo dragon bites you!
* * * LOW HITPOINT WARNING * * *
Found a book of Weapons.
The komodo dragon misses you.
The water moccasin attacks as you move away!
The water moccasin closely misses you.
You howl as the wereblood boils in your veins!
The komodo dragon bites you!!
* * * LOW HITPOINT WARNING * * *
You block the water moccasin's attack.
There is a stone staircase leading up, spattered with blood here.
Okay, then.
You fade into invisibility!
The water moccasin closely misses you. The komodo dragon closely misses you.
The water moccasin closely misses you.
You howl as the wereblood boils in your veins!
The water moccasin bites you but does no damage.
You block the water moccasin's attack. The komodo dragon bites you!!
You die...

## P...... ..
....P.: ##
#.........
##.###.........
..##.#....#.......
.PF...............
.................
#....#F.@S...... .
#....##lS.......
..###...#..J........
....................
......>.............
........J........#..
..#....###..##...#.
##...# #..# .P##
#.... ..P# .##


You could see a slime creature (unable to see you), a komodo dragon (unable to
see you), a cane toad (unable to see you), 2 water moccasins and a jelly.

Vanquished Creatures
  Gastronok (D:8)
  An orc warlord (Bailey)
  A minotaur (Lair:2)
  5 hydras
  A boulder beetle (Lair:3)
  A two-headed ogre (D:8)
  Erica (D:8)
  Amaemon (Lair:3)
  Nergalle (Lair:3)
  7 elephants
  2 black mambas
  3 cane toads
  An orange demon (Lair:3)
  7 komodo dragons
  A rime drake (Lair:3)
  A queen bee (Lair:1)
  A hornet (D:8)
  A polar bear (Lair:1)
  Grinder (D:6)
  7 blink frogs
  6 wyverns
  28 yaks
  A basilisk (D:9)
  A steam dragon (D:9)
  12 water moccasins
  3 orc warriors (Bailey)
  A sky beast (D:7)
  An ice beast (D:7)
  4 black bears
  7 wolves
  2 centaurs
  A phantom (D:4)
  7 kobold brigands
  12 bullfrogs
  3 gnoll sergeants
  4 scorpions
  7 wights
  32 killer bees
  A howler monkey (D:9)
  A crimson imp (D:7)
  3 hounds
  2 orc priests
  A gnoll bouda (D:8)
  Jessica (D:3)
  Terence (D:3)
  2 orc wizards
  Natasha (thrice) (D:3)
  9 adders
  18 gnolls
  2 river rats (Sewer)
  2 shadow imps (D:6)
  2 white imps
  9 worms
  4 dart slugs
  16 orcs
  13 ball pythons
  13 endoplasms
  A giant cockroach (D:5)
  5 goblins
  6 hobgoblins
  7 jackals
  3 quokkas
  4 bats
  2 frilled lizards
  25 kobolds
  12 rats
345 creatures vanquished.

Vanquished Creatures (others)
  A shadow (D:9)
  16 fungi
  32 plants
49 creatures vanquished.

Grand Total: 394 creatures vanquished

Notes
Turn   | Place    | Note
-------+----------+-------------------------------------------
     0 | D:1      | manyhoops the Demigod Transmuter began the quest for the
                  | Orb.
     0 | D:1      | Reached XP level 1. HP: 15/15 MP: 5/5
     6 | D:1      | Noticed a hog
     6 | D:1      | Noticed a redback
     6 | D:1      | Noticed a komodo dragon
     7 | D:1      | Noticed a swamp drake
     7 | D:1      | Noticed a salamander
   199 | D:1      | Reached skill level 3 in Unarmed Combat
   325 | D:1      | Reached XP level 2. HP: 22/22 MP: 7/7
   896 | D:1      | Reached skill level 1 in Fighting
  1231 | D:2      | Reached XP level 3. HP: 28/28 MP: 8/8
  1233 | D:2      | Found Yfeg's Assorted Antiques.
  1495 | D:2      | Reached skill level 4 in Unarmed Combat
  2386 | D:2      | Reached XP level 4. HP: 22/35 MP: 7/9
  2891 | D:3      | Noticed Jessica
  2894 | D:3      | Killed Jessica
  2895 | D:3      | Reached skill level 5 in Unarmed Combat
  2907 | D:3      | Learned a level 2 spell: Wereblood
  2932 | D:3      | Noticed Natasha
  2940 | D:3      | Killed Natasha
  2941 | D:3      | Reached XP level 5. HP: 30/41 MP: 8/10
  3319 | D:3      | Noticed Terence
  3330 | D:3      | Killed Terence
  3373 | D:3      | Noticed Natasha
  3382 | D:3      | Killed Natasha
  3590 | D:3      | Noticed Natasha
  3596 | D:3      | Killed Natasha
  3635 | D:4      | Found Realoqy's Magic Scroll Boutique.
  3655 | D:4      | Bought a scroll of teleportation for 42 gold pieces
  3803 | D:4      | Reached skill level 6 in Unarmed Combat
  3803 | D:4      | Reached XP level 6. HP: 42/49 MP: 11/11
  4389 | D:5      | Entered Level 5 of the Dungeon
  4471 | D:5      | Reached skill level 7 in Unarmed Combat
  4471 | D:5      | Reached XP level 7. HP: 55/57 MP: 12/12
  4890 | D:5      | Found a glowing drain.
  4901 | Sewer    | Entered a sewer
  5217 | Sewer    | Reached skill level 5 in Transmutations
  5760 | D:5      | Reached XP level 8. HP: 45/63 MP: 13/13
  5897 | D:5      | Learned a level 3 spell: Spider Form
  6144 | D:6      | Found a transporter.
  6162 | D:6      | Found a one-way gate to the infinite horrors of the Abyss.
  6162 | D:6      | Noticed zurenarrh's ghost (novice OpIE)
  6162 | D:6      | Noticed a hellwing
  6232 | D:6      | Noticed Grinder
  6242 | D:6      | Killed Grinder
  6243 | D:6      | Reached skill level 5 in Fighting
  6413 | D:6      | Learned a level 4 spell: Ice Form
  6514 | D:6      | Reached skill level 1 in Ice Magic
  6976 | D:6      | Found a transporter.
  7470 | D:7      | Reached XP level 9. HP: 37/73 MP: 17/17
  7506 | D:7      | Found a flagged portal.
  7537 | Bailey   | Entered a bailey
  7572 | Bailey   | Noticed an orc warlord
  7688 | Bailey   | Found a runed translucent gate.
  7690 | Bailey   | Found a runed translucent gate.
  7692 | Bailey   | Found a runed translucent gate.
  7784 | Bailey   | Killed an orc warlord
  7785 | Bailey   | Reached skill level 8 in Unarmed Combat
  7866 | Bailey   | Identified the +9 rapier of the Vestibule of Hell {speed,
                  | rElec rCorr Str-5 Int+5}
  7880 | Bailey   | Reached skill level 10 in Unarmed Combat
  7880 | Bailey   | Reached XP level 10. HP: 90/90 MP: 18/18
  8174 | D:7      | Found a staircase to the Ecumenical Temple.
  8410 | D:7      | Found Atsitija's Serpentskin Sales.
  8439 | D:7      | Bought a scroll of poison for 56 gold pieces
  8794 | D:8      | Noticed Gastronok
  8834 | D:8      | Killed Gastronok
  9085 | D:8      | Reached XP level 11. HP: 95/95 MP: 19/19
  9250 | D:8      | Identified a scroll of acquirement
  9252 | D:8      | Acquired the ring of the Supporting Gods {rF+ Str+4 Int+3
                  | Dex+2}
  9311 | D:8      | Noticed Erica
  9329 | D:8      | Killed Erica
  9542 | D:8      | Noticed a two-headed ogre
  9550 | D:8      | Killed a two-headed ogre
  9826 | D:8      | Reached skill level 11 in Unarmed Combat
 10355 | D:9      | Found a staircase to the Orcish Mines.
 10514 | D:9      | Found a transporter.
 10520 | D:9      | Noticed Zebulonius's ghost (novice MiFi)
 10600 | D:9      | Found a transporter.
 11355 | D:9      | Learned a level 5 spell: Blade Hands
 11374 | D:9      | Found a staircase to the Lair.
 11496 | Lair:1   | Entered Level 1 of the Lair of Beasts
 12309 | Lair:1   | Reached skill level 10 in Transmutations
 12330 | Lair:1   | Reached skill level 5 in Spellcasting
 12365 | Lair:1   | Reached skill level 1 in Armour
 12942 | Lair:2   | Noticed a seven-headed hydra
 13195 | Lair:2   | Reached XP level 12. HP: 90/104 MP: 17/23
 13262 | Lair:2   | Found a runed translucent door.
 13464 | Lair:2   | Noticed a minotaur
 13469 | Lair:2   | Killed a minotaur
 13628 | Lair:2   | Reached skill level 12 in Unarmed Combat
 14505 | Lair:3   | Noticed Nergalle
 14512 | Lair:3   | Killed Nergalle
 14550 | Lair:3   | Noticed a seven-headed hydra
 14561 | Lair:3   | Killed a seven-headed hydra
 14761 | Lair:2   | Killed a seven-headed hydra
 14922 | Lair:2   | Found a hole to the Spider Nest.
 15567 | Lair:3   | Reached skill level 13 in Unarmed Combat
 15822 | Lair:3   | Noticed a five-headed hydra
 15826 | Lair:3   | Noticed Amaemon
 15838 | Lair:3   | Killed a five-headed hydra
 16031 | Lair:3   | Killed Amaemon
 16121 | Lair:3   | Found a staircase to the Swamp.
 16569 | Lair:3   | Noticed a boulder beetle
 16570 | Lair:3   | Noticed an eight-headed hydra
 16573 | Lair:3   | Noticed a seven-headed hydra
 18081 | Lair:3   | Killed a seven-headed hydra
 18331 | Lair:3   | Killed an eight-headed hydra
 18531 | Lair:3   | Killed a boulder beetle
 18900 | Lair:5   | Entered Level 5 of the Lair of Beasts
 18919 | Lair:5   | Reached XP level 13. HP: 111/113 MP: 18/24
 18941 | Lair:5   | Found a staircase to the Slime Pits.
 18949 | Lair:5   | Mangled by a komodo dragon

Illustrated notes

Levels and vault maps discovered:
D:1:      onia_arrival_zoo_common, layout_basic, minmay_misc_feat_alley
D:2:      layout_basic, basic_ecumenical_altar, serial_shops, shop,
          kennysheep_nondescript, minmay_stone_trees_small
D:3:      layout_loops_ring, grunt_qazlal_clouds, okawaru_metal_pillars_1_2,
          chequers_serial_rivers_micro_d, uniq_natasha, uniq_jessica,
          uniq_terence
D:4:      layout_cave_pools, mainiacjoe_overflow_paths, serial_shops, shop
D:5:      layout_loops_ring, overflow_temple_1_default, portal_sewer_entry_e
D:6:      layout_layer_cave, nemelex_spade_bored_becter,
          gammafunk_ghost_abyssal_escape, uniq_grinder
D:7:      layout_loops_corners, grunt_temple_overflow_champion_of_chaos,
          mainiacjoe_overflow_catch_the_wave, minmay_temple_entry_overgrown,
          enter_bailey_2, guppyfry_shop_venom
D:8:      layout_layer_cave, slow_altar_1, uniq_erica, uniq_gastronok
D:9:      layout_roguey, mainiacjoe_overflow_swirl, erik_lair_dragon,
          nzn_ghost_randoct, kennysheep_dice
Lair:1:   layout_cave_pods, special_room [special_room_bee], tgw_fedhas,
          serial_bayou_shore_a
Lair:2:   dreamdust_labyrinth, layout_cave_pods, dummy_spider_entry
Lair:3:   layout_concentric_octagons, swamp_mist, serial_bayou_pond_c,
          hangedman_lair_generics_rect, lemuel_fruit_tree, uniq_amaemon,
          uniq_nergalle
Lair:4:   layout_cave_pods, infiniplex_staircase_pool, grunt_megastairs_5
Lair:5:   hangedman_lair_in_review, layout_cave_shapes,
          guppyfry_lair_end_dragon, minmay_slime_entry_pillars,
          columned_hall_lemuel

Skill      XL: |  1  2  3  4  5  6  7  8  9 10 11 12 |
---------------+-------------------------------------+-----
Unarmed Combat | 3 4 5 6 7 10 11 13 | 13.6
Fighting       | 1 2 3 5 8 9 |  9.9
Transmutations | 5 6 7 8 10 11 | 11.6
Spellcasting   | 3 5 |  5.0
Ice Magic      | 2 3 |  3.0
Dodging        | 2 |  2.7
Armour         | 3 |  3.3

Action                   |  1- 3 |  4- 6 |  7- 9 | 10-12 | 13-15 || total
-------------------------+-------+-------+-------+-------+-------++-------
Melee: Unarmed           |   168 |   152 |   360 |   479 |     5 ||  1164
       Punch             |     3 |     2 |    10 |    26 |     1 ||    42
       Headbutt          |     1 |    15 |    36 |     6 |       ||    58
       Kick              |       |    29 |    43 |    11 |       ||    83
       Rapier            |       |       |       |     7 |       ||     7
 Cast: Beastly Appendage |     1 |    10 |    21 |     3 |       ||    35
       Wereblood         |       |     2 |     9 |    18 |       ||    29
       Ice Form          |       |       |       |    19 |       ||    19
       Blade Hands       |       |       |       |    34 |       ||    34
Evoke: Wand              |       |       |    11 |     7 |       ||    18
  Use: Potion            |     1 |     1 |     4 |     7 |     4 ||    17
       Scroll            |       |       |     8 |    13 |     4 ||    25
Armor: Ring mail         |    68 |    54 |    87 |    33 |       ||   242
       Skin              |       |       |    16 |    45 |       ||    61
       Steam dragon scal |       |       |       |    29 |     5 ||    34
Dodge: Dodged            |   101 |    78 |   170 |   264 |    14 ||   627
Block: Other             |       |       |       |    42 |     4 ||    46

Table legend: (Time is in decaauts)
 A = Elapsed time spent in this place.
 B = Non-inter-level travel time spent in this place.
 C = Inter-level travel time spent in this place.
 D = Time resting spent in this place.
 E = Time spent auto-exploring this place.
 F = Levels seen in this place.
 G = Mean time per level.
                   A        B        C        D        E       F      G
               +--------+--------+--------+--------+--------+-----+--------+
         Total |  18960 |  18172 |    788 |   2299 |  12777 |  16 | 1185.0 |
       Dungeon |  10449 |  10031 |    418 |    972 |   7501 |   9 | 1161.0 |
          Lair |   7414 |   7044 |    370 |   1233 |   4782 |   5 | 1482.8 |
         Sewer |    752 |    752 |      0 |      0 |    489 |   1 |  752.0 |
        Bailey |    344 |    344 |      0 |     94 |      4 |   1 |  344.0 |
               +--------+--------+--------+--------+--------+-----+--------+

Top non-repeatable levels by time:
  Lair:2: 2556 daAuts
  Lair:3: 2011 daAuts
     D:2: 1749 daAuts
     D:8: 1498 daAuts
  Lair:1: 1410 daAuts
  Lair:4: 1389 daAuts
     D:6: 1382 daAuts
     D:9: 1206 daAuts
     D:3: 1018 daAuts
     D:7: 1004 daAuts
     D:1: 991 daAuts
     D:5: 971 daAuts
   Sewer: 752 daAuts
     D:4: 627 daAuts
  Bailey: 344 daAuts
